 Dungeon Crawl Stone Soup version 0.23-a0-396-g5214e5f (webtiles) character file.

10551 galech the Blocker (level 11, -27/84 HPs)
             Began as a Demonspawn Fighter on Nov 2, 2018.
             Was a High Priest of Okawaru.
             Hit by a large rock thrown by a stone giant (35 damage)
             ... on level 2 of the Orcish Mines.
             The game lasted 00:16:28 (7975 turns).

galech the Blocker (Demonspawn Fighter)             Turns: 7975, Time: 00:16:29

Health: -27/84     AC: 14    Str: 17    XL:     11   Next: 37%
Magic:  0/20       EV: 12    Int: 13    God:    Okawaru [*****.]
Gold:   565        SH: 12    Dex: 22    Spells: 10/10 levels left

rFire    + . .     SeeInvis .   D - +6 shillelagh "Devastator" {shatter}
rCold    + . .     Gourm    .   c - +0 shield
rNeg     . . .     Faith    .   G - +1 ring mail of Lugonu's Generosity {rC+ MP+9 Int+4 Dex+2}
rPois    .         Spirit   +   x - +0 helmet
rElec    +         Reflect  .   E - +0 cloak
rCorr    .         Harm     .   (no gloves)
MR       .....                  F - +0 pair of boots "Durunn" {rElec} (curse)
Stlth    ++........             (no amulet)
HPRegen  0.24/turn              C - +4 ring of dexterity
MPRegen  0.17/turn              g - +2 ring of slaying

@: no status effects
A: claws 1, thin metallic scales 2, fire resistance 1, ignite blood, magic
shield, flame cloud immunity
a: Heroism, Finesse, Renounce Religion


You were on level 2 of the Orcish Mines.
You worshipped Okawaru.
Okawaru was extremely pleased with you.
You were not hungry.

You visited 3 branches of the dungeon, and saw 12 of its levels.

You collected 735 gold pieces.
You spent 170 gold pieces at shops.

Inventory:

Hand Weapons
 a - a +0 war axe
 r - the +9 long sword of the Mushroom {slice, MR+}
   (You found it on level 4 of the Dungeon)

   It inflicts extra damage upon your enemies.
   It affects your resistance to hostile enchantments.
 D - the +6 shillelagh "Devastator" (weapon) {shatter}
   (You found it on level 5 of the Dungeon)
 I - the +5 dire flail of True Grit {crush, *Drain Str+5 Stlth+, unknown}
   (You took it off a two-headed ogre on level 7 of the Dungeon)

   It inflicts extra damage upon your enemies.
   It affects your strength (+5).
   It causes draining when unequipped.
   It makes you more stealthy.
 N - the +3 war axe "Qankiqe" {chop, rElec rC+ Str+9}
   (You took it off a centaur on level 9 of the Dungeon)

   It inflicts extra damage upon your enemies.
   It affects your strength (+9).
   It protects you from cold.
   It insulates you from electricity.
Armour
 c - a +0 shield (worn)
 n - a +1 plate armour
 x - a +0 helmet (worn)
 E - a +0 cloak (worn)
 F - the cursed +0 pair of boots "Durunn" (worn) {rElec}
   (You found it on level 6 of the Dungeon)

   It insulates you from electricity.
   It has a curse placed upon it.
 G - the +1 ring mail of Lugonu's Generosity (worn) {rC+ MP+9 Int+4 Dex+2}
   (You found it on level 6 of the Dungeon)

   It affects your intelligence (+4).
   It affects your dexterity (+2).
   It protects you from cold.
   It affects your magic capacity (+9).
 O - a +3 plate armour of positive energy
Jewellery
 g - a +2 ring of slaying (right claw)
 k - an uncursed ring of see invisible
 C - a +4 ring of dexterity (left claw)
 K - a +4 ring of strength
Wands
 h - a wand of digging (7)
 v - a wand of flame (41)
 L - a wand of enslavement (9)
Scrolls
 i - 5 scrolls of teleportation
 l - 2 scrolls of fog
 s - 8 scrolls of identify
 t - 8 scrolls of enchant armour
 u - 2 scrolls of blinking {unknown}
 w - a scroll of amnesia {unknown}
 y - a scroll of random uselessness {unknown}
 B - 7 scrolls of remove curse
 M - a scroll of noise {unknown}
Potions
 b - 4 potions of curing {unknown}
 d - 2 potions of might
 e - 3 potions of agility {unknown}
 j - 4 potions of lignification {unknown}
 m - a potion of haste {unknown}
 o - 4 potions of heal wounds {unknown}
 p - a potion of resistance {unknown}
 q - 2 potions of berserk rage {unknown}
 z - a potion of flight {unknown}
 A - 2 potions of mutation {unknown}
 H - 3 potions of brilliance {unknown}
Comestibles
 f - 13 rations
 J - 10 chunks of flesh


   Skills:
 + Level 7.1 Fighting
 + Level 5.6 Long Blades
 + Level 5.1(7.1) Axes
 + Level 7.7(8.5) Maces & Flails
 + Level 6.9 Armour
 + Level 3.7 Dodging
 + Level 2.7 Stealth
 + Level 8.2 Shields
 + Level 0.5 Invocations


You had 10 spell levels left.
You didn't know any spells.
Your spell library contained the following spells:

 Spells                   Type           Power        Failure   Level  Hunger
 Infusion                 Chrm           #...         77%         1    ##.....
 Shroud of Golubria       Chrm/Tloc      #.........   88%         2    ###....
 Song of Slaying          Chrm           #.......     88%         2    ###....
 Regeneration             Chrm/Necr      #.........   98%         3    ####...
 Spectral Weapon          Hex/Chrm       #.......     98%         3    ####...
 Bolt of Magma            Conj/Fire/Erth #.........   100%        5    ######.
 Iskenderun's Battlesphe  Conj/Chrm      #.......     100%        5    ######.
 Venom Bolt               Conj/Pois      #.........   100%        5    ######.
 Iron Shot                Conj/Erth      #.........   100%        6    #######
 Orb of Destruction       Conj           #.........   100%        7    #######
 Spellforged Servitor     Conj/Summ      #.........   100%        7    #######


Dungeon Overview and Level Annotations

Branches:
Dungeon (9/15)             Temple (1/1) D:6            Lair (0/6) D:9
    Orc (2/2) D:9
    Elf: Orc:2

Altars:
Ashenzari
Dithmenos
Gozag
Hepliaklqana
Kikubaaqudgha
Makhleb
Nemelex Xobeh
Okawaru
Qazlal
Ru
Trog
Vehumet
Wu Jian
Xom
Yredelemnul
The Shining One
Beogh

Shops:
Orc:2 ?


Innate Abilities, Weirdness & Mutations

You have sharp fingernails.
You are mostly covered in thin metallic scales. (AC +3)
Your flesh is heat resistant. (rF+)
Your demonic aura causes spilled blood to erupt in flames.
When hurt, damage is shared between your health and your magic reserves.
You are immune to clouds of flame.


Message History

The orc warrior is engulfed in blazing flames.
The orc warrior barely misses you.
You are too injured to fight recklessly!
You sock the stone giant!
The stone giant and the orc warrior shudder.
The stone giant is heavily wounded.
The orc warrior is almost dead.
The stone giant is heavily wounded.
The stone giant is engulfed in blazing flames.
The stone giant hits you!!
* * * LOW HITPOINT WARNING * * *
The orc warrior is engulfed in blazing flames.
You kill the orc warrior!
Okawaru accepts your kill.
The stone giant is engulfed in blazing flames.
The stone giant throws a large rock.
The large rock hits you.
You see here a tomahawk.
The stone giant is engulfed in blazing flames.
The stone giant throws a large rock.
The large rock hits you!!!
You die...

....... .......
#........
##o......##
#o§........ ##
#C§........
##.##§§O......
##...§(.......
#.....@...##..
#.#....∩..## .
#...$)..# ..
#...)(.#### ...
#...).(<#.# ....
##.....).##
....$
#......÷)#....##
##.....))......#
####........###


You could see a stone giant, an ogre, an orc wizard and an orc.

Vanquished Creatures
  A two-headed ogre (D:7)
  The ghost of derval the Thaumaturge, a novice DEIE of Kikubaaqudgha (D:7)
  Pikel (D:8)
  2 orc knights (Orc:1)
  4 trolls
  Grinder (D:3)
  A hornet (D:8)
  A hippogriff (D:7)
  3 yaks (D:9)
  A wyvern (D:8)
  Eustachio (D:5)
  A warg (Orc:1)
  Menkaure (D:5)
  2 sky beasts
  3 slaves (D:8)
  18 orc warriors
  6 ogres
  An eye of draining (D:7)
  4 phantoms
  5 wolves (D:9)
  3 centaurs
  Blork the orc (D:4)
  A bullfrog (D:7)
  A water moccasin skeleton (D:7)
  A scorpion (D:8)
  4 howler monkeys
  2 crimson imps
  2 quasits (D:9)
  23 orc wizards
  A bullfrog skeleton (D:6)
  A jelly (D:7)
  8 orc priests
  Crazy Yiuf (D:5)
  5 hounds
  3 iguanas
  Natasha (D:4)
  5 worker ants
  A hound zombie (D:5)
  A hound skeleton (D:6)
  3 gnolls (Orc:1)
  2 howler monkey skeletons (D:7)
  9 adders
  2 oozes
  An adder skeleton (D:4)
  3 worms
  7 leopard geckos
  80 orcs
  5 giant cockroaches
  4 goblins
  9 hobgoblins
  13 jackals
  6 quokkas
  A ball python (D:2)
  8 bats
  3 frilled lizards
  7 kobolds
  A leopard gecko skeleton (D:4)
  A quokka skeleton (D:2)
  7 rats
295 creatures vanquished.

Vanquished Creatures (others)
  4 plants (D:9)
4 creatures vanquished.

Grand Total: 299 creatures vanquished

Notes
Turn   | Place    | Note
-------+----------+-------------------------------------------
     0 | D:1      | galech the Demonspawn Fighter began the quest for the Orb.
     0 | D:1      | Reached XP level 1. HP: 18/18 MP: 1/1
   187 | D:1      | Gained mutation: Your flesh is heat resistant. (rF+)
                  | [demonic ancestry]
   187 | D:1      | Reached XP level 2. HP: 24/24 MP: 2/2
   293 | D:1      | Reached skill level 3 in Shields
   518 | D:2      | Found a sparkling altar of Nemelex Xobeh.
   527 | D:2      | Reached XP level 3. HP: 28/29 MP: 3/3
   586 | D:2      | Found a faded altar of an unknown god.
   890 | D:2      | Gained mutation: When hurt, damage is shared between your
                  | health and your magic reserves. [demonic ancestry]
   890 | D:2      | Reached XP level 4. HP: 35/35 MP: 4/4
  1809 | D:3      | Noticed Grinder
  1818 | D:3      | Paralysed by Grinder for 4 turns
  1825 | D:3      | Paralysed by Grinder for 3 turns
  1828 | D:3      | Killed Grinder
  1828 | D:3      | Reached skill level 4 in Shields
  1828 | D:3      | Gained mutation: You are immune to clouds of flame.
                  | [demonic ancestry]
  1828 | D:3      | Reached XP level 5. HP: 29/42 MP: 3/5
  1828 | D:3      | Gained mutation: Your demonic aura causes spilled blood to
                  | erupt in flames. [demonic ancestry]
  1828 | D:3      | Reached XP level 6. HP: 34/48 MP: 3/6
  1829 | D:3      | Found a shimmering altar of Xom.
  2283 | D:4      | Got a smoking long sword
  2284 | D:4      | Identified the +9 long sword of the Mushroom {slice, MR+}
                  | (You found it on level 4 of the Dungeon)
  2576 | D:4      | Gained mutation: You have sharp fingernails. [demonic
                  | ancestry]
  2576 | D:4      | Reached XP level 7. HP: 53/53 MP: 7/7
  2612 | D:4      | Reached skill level 5 in Axes
  2622 | D:4      | Reached skill level 1 in Long Blades
  2735 | D:4      | Noticed Blork the orc
  2736 | D:4      | Killed Blork the orc
  2948 | D:4      | Gained mutation: You are partially covered in thin metallic
                  | scales. (AC +2) [demonic ancestry]
  2948 | D:4      | Reached XP level 8. HP: 60/60 MP: 8/8
  2963 | D:4      | Reached skill level 5 in Shields
  3106 | D:4      | Noticed Natasha
  3109 | D:4      | Killed Natasha
  3235 | D:5      | Entered Level 5 of the Dungeon
  3288 | D:5      | Noticed Eustachio
  3292 | D:5      | Killed Eustachio
  3451 | D:5      | Noticed Menkaure
  3454 | D:5      | Killed Menkaure
  3486 | D:5      | Reached skill level 5 in Long Blades
  3733 | D:5      | Got an encrusted leather armour
  3744 | D:5      | Identified the cursed +1 leather armour "Goibireo" {Dex+2}
                  | (You found it on level 5 of the Dungeon)
  3760 | D:5      | Found the +6 shillelagh "Devastator" {shatter}
  3772 | D:5      | Found a runed door.
  3980 | D:5      | Noticed Crazy Yiuf
  3983 | D:5      | Killed Crazy Yiuf
  4120 | D:6      | Found a runed door.
  4167 | D:6      | Got a faintly glowing ring mail
  4179 | D:6      | Identified the +1 ring mail of Lugonu's Generosity {rC+
                  | MP+9 Int+4 Dex+2} (You found it on level 6 of the Dungeon)
  4235 | D:6      | Found a staircase to the Ecumenical Temple.
  4244 | Temple   | Entered the Ecumenical Temple
  4339 | Temple   | Became a worshipper of Warmaster Okawaru
  4699 | D:6      | Reached skill level 1 in Maces & Flails
  4699 | D:6      | Reached skill level 6 in Shields
  4701 | D:6      | Reached XP level 9. HP: 65/67 MP: 9/9
  4716 | D:6      | Found a roughly hewn altar of Beogh.
  4742 | D:6      | Got a pair of twisted boots
  4748 | D:6      | Identified the cursed +0 pair of boots "Durunn" {rElec}
                  | (You found it on level 6 of the Dungeon)
  4896 | D:7      | Reached * piety under Okawaru
  4896 | D:7      | Reached skill level 5 in Fighting
  4911 | D:7      | Reached skill level 1 in Dodging
  4987 | D:7      | Reached skill level 5 in Armour
  4994 | D:7      | Reached skill level 1 in Stealth
  5013 | D:7      | Reached ** piety under Okawaru
  5251 | D:7      | Found a transporter.
  5252 | D:7      | Noticed derval's ghost (novice DEIE)
  5253 | D:7      | Noticed a two-headed ogre
  5271 | D:7      | Found a transporter.
  5287 | D:7      | Killed a two-headed ogre
  5287 | D:7      | Reached skill level 5 in Maces & Flails
  5288 | D:7      | Killed derval's ghost
  5288 | D:7      | Reached *** piety under Okawaru
  5288 | D:7      | Gained mutation: You are mostly covered in thin metallic
                  | scales. (AC +3) [demonic ancestry]
  5288 | D:7      | Reached XP level 10. HP: 74/76 MP: 10/10
  5295 | D:7      | Got a crude dire flail
  5774 | D:8      | Noticed Pikel
  5786 | D:8      | Killed Pikel
  5786 | D:8      | Reached **** piety under Okawaru
  6021 | D:8      | Reached skill level 7 in Shields
  6298 | D:9      | Found a staircase to the Lair.
  6800 | D:9      | Reached ***** piety under Okawaru
  6850 | D:9      | Identified the +3 war axe "Qankiqe" {chop, rElec rC+ Str+9}
  6956 | D:9      | Found a glowing golden altar of the Shining One.
  7036 | D:9      | Received a gift from Okawaru
  7104 | D:9      | Reached XP level 11. HP: 77/83 MP: 11/11
  7159 | D:9      | Found a staircase to the Orcish Mines.
  7171 | Orc:1    | Entered Level 1 of the Orcish Mines
  7175 | Orc:1    | Noticed an orc knight
  7407 | Orc:1    | Killed an orc knight
  7418 | Orc:1    | Noticed an orc knight
  7602 | Orc:1    | Killed an orc knight
  7759 | Orc:1    | Reached skill level 8 in Shields
  7905 | Orc:2    | Entered Level 2 of the Orcish Mines
  7905 | Orc:2    | Found Hibar's Magic Scroll Boutique.
  7940 | Orc:2    | Bought a scroll of teleportation for 33 gold pieces
  7940 | Orc:2    | Bought a scroll of enchant armour for 82 gold pieces
  7940 | Orc:2    | Bought a scroll of teleportation for 33 gold pieces
  7940 | Orc:2    | Bought a scroll of identify for 22 gold pieces
  7965 | Orc:2    | Noticed a stone giant
  7975 | Orc:2    | Hit by a large rock thrown by a stone giant

Vault maps used:
D:1:      scummos_arrival_forest, minmay_misc_feat_columns
D:2:      nemelex_xobeh_ov_fountains_minmay, chequers_ecumenical_altar_twisty,
          minmay_pentomino_x4
D:3:      xom_teletrap_fun, uniq_grinder
D:4:      first_ration, uniq_blork_the_orc, uniq_natasha
D:5:      uniq_menkaure, uniq_eustachio, uniq_crazy_yiuf_cottage
D:6:      minmay_temple_entry_statues_pillars, lightli_church_of_beogh
D:7:      gammafunk_ghost_smash
D:8:      special_room, uniq_pikel
D:9:      erik_lair_island, david_orc_4, basic_altar, worms_lemuel
Temple:   minmay_crystal_snake_temple
Orc:1:    minmay_orc_barracks, uniq_snorg, uniq_josephine
Orc:2:    st_orc_open, basic_altar, serial_shops, shop, nicolae_shop_crystal

Skill      XL: |  1  2  3  4  5  6  7  8  9 10 11 |
---------------+----------------------------------+-----
Axes           | 2 4 5 |  5.1
Shields        | 3 4 6 7 8 |  8.2
Armour         | 3 4 5 6 |  6.9
Long Blades    | 3 5 |  5.6
Fighting       | 4 5 6 7 |  7.1
Maces & Flails | 1 5 7 |  7.7
Dodging        | 2 3 |  3.7
Stealth        | 1 2 |  2.7
Invocations    | |  0.5

Action                   |  1- 3 |  4- 6 |  7- 9 | 10-12 || total
-------------------------+-------+-------+-------+-------++-------
Melee: War axe           |    83 |    78 |       |       ||   161
       Long sword        |       |    24 |    87 |       ||   111
       Shillelagh        |       |       |    86 |   189 ||   275
Invok: Heroism           |       |       |     1 |     2 ||     3
  Use: Scroll            |     2 |     3 |     1 |       ||     6
       Potion            |       |     1 |       |       ||     1
 Stab: Distracted        |       |       |     1 |     1 ||     2
       Sleeping          |       |       |       |     1 ||     1
  Eat: Chunk             |       |     6 |     8 |     9 ||    23
Armor: Scale mail        |    23 |       |       |       ||    23
       Plate armour      |    35 |    78 |    53 |       ||   166
       Ring mail         |       |       |    20 |    42 ||    62
       Leather armour    |       |       |     1 |       ||     1
Dodge: Dodged            |    20 |    11 |    35 |    62 ||   128
Block: Shield            |    44 |    82 |    77 |   128 ||   331
       Rpst.: Long sword |       |     1 |     4 |       ||     5

Table legend:
 A = Non-vault XP
 B = Vault XP
 C = Vault XP percentage of total XP
 D = Non-vault monster count
 E = Vault monster count
 F = Vault count percentage of total count
                 A         B        C        D         E       F
            +---------+---------+-------+---------+---------+-------
      Total |    8894 |    6179 |  41.0 |     210 |      82 |  28.1
            +---------+---------+-------+---------+---------+-------
        D:1 |      30 |       0 |   0.0 |      18 |       0 |   0.0
        D:2 |      97 |      21 |  17.8 |      28 |       4 |  12.5
        D:3 |      38 |     286 |  88.3 |      14 |       1 |   6.7
        D:4 |    1058 |     126 |  10.6 |      36 |       2 |   5.3
        D:5 |     205 |     403 |  66.3 |       9 |       3 |  25.0
        D:6 |     243 |     587 |  70.7 |      16 |      24 |  60.0
        D:7 |    1470 |    1745 |  54.3 |      26 |       3 |  10.3
        D:8 |    1226 |    1293 |  51.3 |      15 |      21 |  58.3
        D:9 |    1011 |    1718 |  63.0 |      15 |      24 |  61.5
      Orc:1 |    2715 |       0 |   0.0 |      24 |       0 |   0.0
      Orc:2 |     801 |       0 |   0.0 |       9 |       0 |   0.0
            +---------+---------+-------+---------+---------+-------
